Connexion

SEATTLE Kraken vs DALLAS Stars

Created - 19 avril 2024 at 05:50

Goals
1 2 3 T
SEATTLE Kraken 0 1 2 3
DALLAS Stars 4 0 1 5
Shots
1 2 3 T
SEATTLE Kraken 6 8 12 26
DALLAS Stars 10 13 3 26

GoalsPenalties
1st period
1. DALLAS Stars , Tyson Jost 2 (Daniel Sprong 3, John Carlson 4) at 5:38
2. DALLAS Stars , Tyler Bertuzzi 3 (Damon Severson 5) at 11:53 (PP)
3. DALLAS Stars , Damon Severson 1 (Tyler Bertuzzi 3, Sebastien Aho 1) at 13:04
4. DALLAS Stars , Tomas Hertl 2 (Ondrej Kase 2, Reilly Smith 4) at 17:44
David Pastrnak (SEA) for Cross-checking (Minor) at 11:17
2nd period
5. SEATTLE Kraken , Artemi Panarin 2 (Sean Monahan 2) at 0:19
Sean Monahan (SEA) for Tripping (Minor) at 16:57
3rd period
6. DALLAS Stars , Peyton Krebs 1 (Rem Pitlick 2, Morgan Frost 1) at 2:43
7. SEATTLE Kraken , Artemi Panarin 3 (Andrei Kuzmenko 2) at 8:41
8. SEATTLE Kraken , Kris Letang 1 (Auston Matthews 5, Rasmus Dahlin 3) at 11:24
Auston Matthews (SEA) for Tripping (Minor) at 19:32
Goalie Stats
Linus Ullmark (SEA), 16 saves from 17 shots - (0,941), 42:16 minutes
Spencer Knight (SEA), 5 saves from 9 shots - (0,556), L, 2-1-0, 17:44 minutes
Cam Talbot (DAL), 23 saves from 26 shots - (0,885), W, 2-1-0, 60:00 minutes
3 StarsOfficial
1 - Damon Severson (DAL)
2 - Artemi Panarin (SEA)
3 - Tyler Bertuzzi (DAL)
Referees : Dean Morton and Francois StLaurent
Linesman : Derek Nansen and Derek Amell
Game Note
Linus Ullmark enters game at 17:44 of 1st period
Finance
Level 1 -- Attendance: 6000 (100,00%) -- Ticket Income $750,000
Level 2 -- Attendance: 5532 (100,00%) -- Ticket Income $414,900
Level 3 -- Attendance: 2000 (100,00%) -- Ticket Income $104,000
Level 4 -- Attendance: 4000 (100,00%) -- Ticket Income $144,000
Luxury Box -- Attendance: 1000 (100,00%) -- Ticket Income $245,000
Game was played at the American Airlines Center.
Total Attendance: 18532 (100,00%)
Total Ticket Income: $1,657,900
Other Income: $331,580
Total Income: $1,989,480



Team Name Goals Shots Shots Attemp Shots Blocked PIM HIT PP PK FO%
SEATTLE Kraken 3266236220 / 0 (0,00%159%
DALLAS Stars 5264870271 / 3 (33%)041%

SEATTLE Kraken
Player Name POS G A P +/- PIM HIT SHT SB MP PP MP PP SHT PK MP PK SHT FO% FOT
Alec MartinezD0000020021:420:0001:3300% 0
Alex OvechkinLW000-1022013:340:0000:1800% 0
Andrei KuzmenkoLW0111001018:020:0000:0000% 0
Artemi PanarinLW2021014019:320:0001:30050% 2
Auston MatthewsC011-1212021:530:0000:37058% 19
Brock BoeserRW000000005:370:0001:1400% 2
David PastrnakRW000-1233021:160:0000:0000% 1
Jamie DrysdaleD000-1000114:540:0000:0000% 0
Jani HakanpaaD000-1050014:540:0000:0000% 0
Jason RobertsonLW/RW000-1002021:170:0000:0000% 1
Joe PavelskiC/LW/RW000-1003015:050:0001:49062% 21
Jonathan DrouinLW/RW000-1013013:160:0000:000100% 1
Julien GauthierRW000000004:230:0000:0000% 0
Kris LetangD1010034122:520:0000:5700% 0
Rasmus DahlinD0110000023:240:0001:2900% 0
Samuel GirardD0000010122:140:0002:0500% 0
Sean MonahanC0111231018:010:0000:00065% 17
Wyatt JohnstonC000000104:590:0000:36071% 7
DALLAS Stars
Player Name POS G A P +/- PIM HIT SHT SB MP PP MP PP SHT PK MP PK SHT FO% FOT
Damon SeversonD1122001124:061:3900:0000% 0
Daniel SprongLW/RW0111001012:070:0000:0000% 2
Darnell NurseD0000003120:101:2310:0000% 0
Dylan CozensC0000021022:081:5600:00032% 25
Gustav LindstromD000-1000215:440:0000:0000% 0
John CarlsonD0110000120:101:2300:0000% 0
Mikhail SergachevD0002051124:061:3900:0000% 0
Morgan FrostC011100017:040:0000:00067% 6
Neal PionkD000-1010015:440:0000:0000% 0
Ondrej KaseLW/RW011-1021018:411:0610:00025% 4
Peyton KrebsC/LW101100107:040:0000:0000% 0
Reilly SmithLW/RW011-1033018:411:0600:00050% 2
Rem PitlickC/LW/RW011101007:040:0000:0000% 0
Sebastien AhoC/LW/RW0110022022:081:5600:0000% 0
Tomas HertlC/LW101-1023018:411:0600:00053% 19
Tyler BertuzziLW/RW1120034022:081:5610:0000% 0
Tyson JostC/LW1011034012:070:0000:0000% 0
William KarlssonC/LW0001031012:070:0000:00038% 13



Play-by-Play

1st period


0:01 of 1st period - Auston Matthews wins face-off versus Dylan Cozens in neutral zone.
0:25 of 1st period - Shot by Tyler Bertuzzi.
0:25 of 1st period - Shot Misses the Net.
1:23 of 1st period - Shot by Artemi Panarin.
1:23 of 1st period - Stopped by Cam Talbot without a rebound.
1:24 of 1st period - Joe Pavelski wins face-off versus William Karlsson in DALLAS Stars zone.
1:35 of 1st period - Shot by Joe Pavelski.
1:35 of 1st period - Shot Misses the Net.
1:37 of 1st period - Shot by Jonathan Drouin.
1:37 of 1st period - Stopped by Cam Talbot without a rebound.
1:38 of 1st period - Tomas Hertl wins face-off versus Sean Monahan in DALLAS Stars zone.
1:38 of 1st period - Tomas Hertl is hit by Sean Monahan.
2:01 of 1st period - Shot by Artemi Panarin.
2:01 of 1st period - Shot Misses the Net.
2:06 of 1st period - Off-side.
2:07 of 1st period - Morgan Frost wins face-off versus Joe Pavelski in neutral zone.
2:29 of 1st period - Rem Pitlick is hit by Jani Hakanpaa and loses puck.
2:40 of 1st period - Shot by Joe Pavelski.
2:40 of 1st period - Stopped by Cam Talbot with a rebound.
3:07 of 1st period - Shot by Kris Letang.
3:07 of 1st period - Stopped by Cam Talbot with a rebound.
3:25 of 1st period - Shot by Jason Robertson.
3:25 of 1st period - Stopped by Cam Talbot without a rebound.
3:26 of 1st period - Sean Monahan wins face-off versus William Karlsson in DALLAS Stars zone.
3:29 of 1st period - Shot by Artemi Panarin.
3:29 of 1st period - Shot Blocked by Mikhail Sergachev.
3:31 of 1st period - Shot by Sean Monahan.
3:31 of 1st period - Shot Misses the Net.
3:33 of 1st period - Shot by Samuel Girard.
3:33 of 1st period - Shot Blocked by Damon Severson.
3:43 of 1st period - Shot by Sean Monahan.
3:43 of 1st period - Stopped by Cam Talbot without a rebound.
3:44 of 1st period - Ondrej Kase wins face-off versus Wyatt Johnston in DALLAS Stars zone.
3:48 of 1st period - John Carlson is hit by Kris Letang and loses puck.
4:09 of 1st period - Shot by Tomas Hertl.
4:09 of 1st period - Stopped by Spencer Knight without a rebound.
4:10 of 1st period - Sean Monahan wins face-off versus Dylan Cozens in SEATTLE Kraken zone.
4:16 of 1st period - Icing by Damon Severson.
4:17 of 1st period - Auston Matthews wins face-off versus Dylan Cozens in DALLAS Stars zone.
4:25 of 1st period - Damon Severson is hit by Alec Martinez and loses puck.
5:19 of 1st period - Daniel Sprong is hit by Samuel Girard and loses puck.
5:38 of 1st period - Shot by Daniel Sprong.
5:38 of 1st period - Deflect By Tyson Jost.
5:38 of 1st period - Goal by Tyson Jost - SEATTLE Kraken : 0 - DALLAS Stars : 1.
5:39 of 1st period - Artemi Panarin wins face-off versus Tomas Hertl in neutral zone.
5:45 of 1st period - Icing by Gustav Lindstrom.
5:46 of 1st period - Sean Monahan wins face-off versus Tomas Hertl in DALLAS Stars zone.
5:47 of 1st period - Shot by Artemi Panarin.
5:47 of 1st period - Shot Misses the Net.
7:29 of 1st period - Icing by Jani Hakanpaa.
7:30 of 1st period - William Karlsson wins face-off versus Joe Pavelski in SEATTLE Kraken zone.
7:30 of 1st period - John Carlson is hit by Jani Hakanpaa and loses puck.
7:56 of 1st period - Shot by Darnell Nurse.
7:56 of 1st period - Stopped by Spencer Knight without a rebound.
7:57 of 1st period - Sean Monahan wins face-off versus Morgan Frost in SEATTLE Kraken zone.
8:59 of 1st period - Shot by Tyler Bertuzzi.
8:59 of 1st period - Shot Misses the Net.
9:57 of 1st period - Shot by Reilly Smith.
9:57 of 1st period - Stopped by Spencer Knight with a rebound.
10:14 of 1st period - Icing by Rasmus Dahlin.
10:15 of 1st period - Sean Monahan wins face-off versus William Karlsson in SEATTLE Kraken zone.
10:15 of 1st period - Sean Monahan is hit by Tyson Jost.
10:29 of 1st period - Kris Letang is hit by Tyson Jost and loses puck.
11:17 of 1st period - Minor Penalty to David Pastrnak for Cross-checking.
11:18 of 1st period - Tomas Hertl wins face-off versus Brock Boeser in SEATTLE Kraken zone.
11:23 of 1st period - Shot by Ondrej Kase.
11:23 of 1st period - Shot Misses the Net.
11:25 of 1st period - Shot by Darnell Nurse.
11:25 of 1st period - Stopped by Spencer Knight without a rebound.
11:26 of 1st period - Wyatt Johnston wins face-off versus Dylan Cozens in SEATTLE Kraken zone.
11:26 of 1st period - Wyatt Johnston is hit by Tyler Bertuzzi.
11:48 of 1st period - Alec Martinez is hit by Dylan Cozens and loses puck.
11:53 of 1st period - Shot by Tyler Bertuzzi.
11:53 of 1st period - Goal by Tyler Bertuzzi - SEATTLE Kraken : 0 - DALLAS Stars : 2.
11:54 of 1st period - Auston Matthews wins face-off versus Ondrej Kase in neutral zone.
12:15 of 1st period - Auston Matthews is hit by Ondrej Kase.
12:28 of 1st period - Ondrej Kase is hit by Jani Hakanpaa.
13:00 of 1st period - Shot by Sebastien Aho.
13:00 of 1st period - Deflect By Tyler Bertuzzi.
13:00 of 1st period - Shot Blocked by Jamie Drysdale.
13:02 of 1st period - Shot by Tyler Bertuzzi.
13:02 of 1st period - Shot Misses the Net.
13:04 of 1st period - Shot by Damon Severson.
13:04 of 1st period - Goal by Damon Severson - SEATTLE Kraken : 0 - DALLAS Stars : 3.
13:05 of 1st period - Joe Pavelski wins face-off versus William Karlsson in neutral zone.
13:17 of 1st period - Icing by Alec Martinez.
13:18 of 1st period - Joe Pavelski wins face-off versus Dylan Cozens in SEATTLE Kraken zone.
13:18 of 1st period - Joe Pavelski is hit by Sebastien Aho.
13:29 of 1st period - Jonathan Drouin is hit by Mikhail Sergachev.
13:42 of 1st period - Shot by Alex Ovechkin.
13:42 of 1st period - Shot Misses the Net.
13:44 of 1st period - Shot by Joe Pavelski.
13:44 of 1st period - Deflect By Alex Ovechkin.
13:44 of 1st period - Shot Misses the Net.
13:59 of 1st period - Joe Pavelski is hit by Mikhail Sergachev and loses puck.
15:10 of 1st period - William Karlsson is hit by David Pastrnak and loses puck.
16:32 of 1st period - Icing by Neal Pionk.
16:33 of 1st period - Auston Matthews wins face-off versus William Karlsson in DALLAS Stars zone.
16:54 of 1st period - Shot by Jason Robertson.
16:54 of 1st period - Shot Misses the Net.
17:23 of 1st period - Shot by Mikhail Sergachev.
17:23 of 1st period - Stopped by Spencer Knight without a rebound.
17:24 of 1st period - Tomas Hertl wins face-off versus Joe Pavelski in SEATTLE Kraken zone.
17:24 of 1st period - Tomas Hertl is hit by Kris Letang.
17:42 of 1st period - Shot by Ondrej Kase.
17:42 of 1st period - Shot Misses the Net.
17:44 of 1st period - Shot by Tomas Hertl.
17:44 of 1st period - Goal by Tomas Hertl - SEATTLE Kraken : 0 - DALLAS Stars : 4.
17:44 of 1st period - Linus Ullmark enters game.
17:45 of 1st period - Dylan Cozens wins face-off versus Sean Monahan in neutral zone.
17:58 of 1st period - Shot by Sebastien Aho.
17:58 of 1st period - Stopped by Linus Ullmark without a rebound.
17:59 of 1st period - Joe Pavelski wins face-off versus Tomas Hertl in SEATTLE Kraken zone.
Goals for this period are 0 for SEATTLE Kraken vs 4 for DALLAS Stars .
Shots for this period are 6 for SEATTLE Kraken vs 10 for DALLAS Stars .

2nd period


0:01 of 2nd period - Dylan Cozens wins face-off versus Auston Matthews in neutral zone.
0:12 of 2nd period - Shot by Tyler Bertuzzi.
0:12 of 2nd period - Stopped by Linus Ullmark without a rebound.
0:13 of 2nd period - Sean Monahan wins face-off versus Ondrej Kase in SEATTLE Kraken zone.
0:13 of 2nd period - Sean Monahan is hit by Tomas Hertl.
0:19 of 2nd period - Shot by Artemi Panarin.
0:19 of 2nd period - Goal by Artemi Panarin - SEATTLE Kraken : 1 - DALLAS Stars : 4.
0:20 of 2nd period - Auston Matthews wins face-off versus Dylan Cozens in neutral zone.
0:39 of 2nd period - Shot by David Pastrnak.
0:39 of 2nd period - Shot Misses the Net.
1:12 of 2nd period - Jason Robertson is hit by Dylan Cozens and loses puck.
1:35 of 2nd period - Andrei Kuzmenko is hit by Tomas Hertl and loses puck.
1:53 of 2nd period - Shot by Reilly Smith.
1:53 of 2nd period - Shot Misses the Net.
1:55 of 2nd period - Shot by Reilly Smith.
1:55 of 2nd period - Shot Misses the Net.
1:57 of 2nd period - Shot by Tomas Hertl.
1:57 of 2nd period - Stopped by Linus Ullmark without a rebound.
1:58 of 2nd period - Morgan Frost wins face-off versus Joe Pavelski in SEATTLE Kraken zone.
2:15 of 2nd period - Jamie Drysdale is hit by Rem Pitlick and loses puck.
3:40 of 2nd period - Icing by Kris Letang.
3:41 of 2nd period - Sean Monahan wins face-off versus Tomas Hertl in SEATTLE Kraken zone.
3:55 of 2nd period - Icing by Rasmus Dahlin.
3:56 of 2nd period - Dylan Cozens wins face-off versus Sean Monahan in SEATTLE Kraken zone.
4:46 of 2nd period - Alec Martinez is hit by Tyler Bertuzzi and loses puck.
5:22 of 2nd period - Off-side.
5:23 of 2nd period - Wyatt Johnston wins face-off versus Daniel Sprong in neutral zone.
5:23 of 2nd period - Julien Gauthier is hit by William Karlsson and loses puck.
5:28 of 2nd period - Shot by Tyson Jost.
5:28 of 2nd period - Deflect By Daniel Sprong.
5:28 of 2nd period - Stopped by Linus Ullmark without a rebound.
5:29 of 2nd period - William Karlsson wins face-off versus Brock Boeser in SEATTLE Kraken zone.
5:32 of 2nd period - Shot by Daniel Sprong.
5:32 of 2nd period - Shot Misses the Net.
5:34 of 2nd period - Shot by William Karlsson.
5:34 of 2nd period - Shot Misses the Net.
5:36 of 2nd period - Shot by Neal Pionk.
5:36 of 2nd period - Shot Misses the Net.
5:40 of 2nd period - Shot by William Karlsson.
5:40 of 2nd period - Stopped by Linus Ullmark without a rebound.
5:41 of 2nd period - Tomas Hertl wins face-off versus Artemi Panarin in SEATTLE Kraken zone.
5:58 of 2nd period - Mikhail Sergachev is hit by Sean Monahan.
6:08 of 2nd period - Shot by Reilly Smith.
6:08 of 2nd period - Stopped by Linus Ullmark with a rebound.
7:19 of 2nd period - Shot by Auston Matthews.
7:19 of 2nd period - Shot Misses the Net.
7:37 of 2nd period - Darnell Nurse is hit by Jonathan Drouin and loses puck.
7:47 of 2nd period - Off-side.
7:48 of 2nd period - Wyatt Johnston wins face-off versus William Karlsson in neutral zone.
8:16 of 2nd period - Off-side.
8:17 of 2nd period - Sean Monahan wins face-off versus Ondrej Kase in neutral zone.
8:55 of 2nd period - Tomas Hertl is hit by Jani Hakanpaa and loses puck.
9:34 of 2nd period - Mikhail Sergachev is hit by Jani Hakanpaa and loses puck.
10:02 of 2nd period - Jason Robertson is hit by Reilly Smith and loses puck.
10:27 of 2nd period - Shot by Jason Robertson.
10:27 of 2nd period - Shot Misses the Net.
10:29 of 2nd period - Shot by Jason Robertson.
10:29 of 2nd period - Stopped by Cam Talbot without a rebound.
10:30 of 2nd period - Joe Pavelski wins face-off versus Dylan Cozens in DALLAS Stars zone.
10:33 of 2nd period - Shot by Samuel Girard.
10:33 of 2nd period - Shot Misses the Net.
10:47 of 2nd period - Shot by Dylan Cozens.
10:47 of 2nd period - Shot Misses the Net.
11:03 of 2nd period - Shot by Joe Pavelski.
11:03 of 2nd period - Stopped by Cam Talbot without a rebound.
11:04 of 2nd period - Wyatt Johnston wins face-off versus Daniel Sprong in DALLAS Stars zone.
11:29 of 2nd period - Shot by Wyatt Johnston.
11:29 of 2nd period - Stopped by Cam Talbot without a rebound.
11:30 of 2nd period - Morgan Frost wins face-off versus Auston Matthews in DALLAS Stars zone.
13:10 of 2nd period - Shot by Dylan Cozens.
13:10 of 2nd period - Shot Misses the Net.
13:21 of 2nd period - Off-side.
13:22 of 2nd period - William Karlsson wins face-off versus Sean Monahan in neutral zone.
13:33 of 2nd period - Sean Monahan is hit by William Karlsson.
13:57 of 2nd period - Shot by Daniel Sprong.
13:57 of 2nd period - Deflect By Tyson Jost.
13:57 of 2nd period - Stopped by Linus Ullmark without a rebound.
13:58 of 2nd period - Tomas Hertl wins face-off versus Wyatt Johnston in SEATTLE Kraken zone.
13:59 of 2nd period - Shot by Reilly Smith.
13:59 of 2nd period - Stopped by Linus Ullmark with a rebound.
14:01 of 2nd period - Shot by Ondrej Kase.
14:01 of 2nd period - Shot Misses the Net.
14:03 of 2nd period - Shot by Darnell Nurse.
14:03 of 2nd period - Stopped by Linus Ullmark without a rebound.
14:04 of 2nd period - Auston Matthews wins face-off versus Tomas Hertl in SEATTLE Kraken zone.
14:30 of 2nd period - Tomas Hertl is hit by Kris Letang and loses puck.
15:03 of 2nd period - Shot by Jonathan Drouin.
15:03 of 2nd period - Shot Misses the Net.
15:12 of 2nd period - Icing by John Carlson.
15:13 of 2nd period - Reilly Smith wins face-off versus Sean Monahan in DALLAS Stars zone.
15:26 of 2nd period - Shot by Artemi Panarin.
15:26 of 2nd period - Stopped by Cam Talbot without a rebound.
15:27 of 2nd period - Jonathan Drouin wins face-off versus Dylan Cozens in DALLAS Stars zone.
15:38 of 2nd period - Shot by Tyler Bertuzzi.
15:38 of 2nd period - Stopped by Linus Ullmark with a rebound.
15:40 of 2nd period - Shot by Tyler Bertuzzi.
15:40 of 2nd period - Shot Misses the Net.
15:42 of 2nd period - Shot by Tyler Bertuzzi.
15:42 of 2nd period - Shot Misses the Net.
15:52 of 2nd period - Shot by Tyler Bertuzzi.
15:52 of 2nd period - Stopped by Linus Ullmark without a rebound.
15:53 of 2nd period - William Karlsson wins face-off versus Auston Matthews in SEATTLE Kraken zone.
16:12 of 2nd period - Shot by Jason Robertson.
16:12 of 2nd period - Shot Blocked by Gustav Lindstrom.
16:14 of 2nd period - Shot by David Pastrnak.
16:14 of 2nd period - Stopped by Cam Talbot with a rebound.
16:20 of 2nd period - Shot by David Pastrnak.
16:20 of 2nd period - Stopped by Cam Talbot with a rebound.
16:22 of 2nd period - Shot by Kris Letang.
16:22 of 2nd period - Stopped by Cam Talbot without a rebound.
16:23 of 2nd period - Sean Monahan wins face-off versus Dylan Cozens in DALLAS Stars zone.
16:25 of 2nd period - Artemi Panarin is hit by Mikhail Sergachev and loses puck.
16:57 of 2nd period - Minor Penalty to Sean Monahan for Tripping.
16:58 of 2nd period - Joe Pavelski wins face-off versus Reilly Smith in SEATTLE Kraken zone.
17:11 of 2nd period - Shot by Ondrej Kase.
17:11 of 2nd period - Stopped by Linus Ullmark without a rebound.
17:12 of 2nd period - Joe Pavelski wins face-off versus Tomas Hertl in SEATTLE Kraken zone.
17:38 of 2nd period - Kris Letang is hit by Reilly Smith and loses puck.
18:39 of 2nd period - Shot by Tyler Bertuzzi.
18:39 of 2nd period - Shot Misses the Net.
18:55 of 2nd period - Kris Letang is hit by Sebastien Aho.
18:59 of 2nd period - Shot by Artemi Panarin.
18:59 of 2nd period - Shot Blocked by Gustav Lindstrom.
19:17 of 2nd period - Shot by Daniel Sprong.
19:17 of 2nd period - Shot Misses the Net.
19:19 of 2nd period - Shot by William Karlsson.
19:19 of 2nd period - Deflect By Tyson Jost.
19:19 of 2nd period - Stopped by Linus Ullmark with a rebound.
19:21 of 2nd period - Shot by Tyson Jost.
19:21 of 2nd period - Stopped by Linus Ullmark without a rebound.
19:22 of 2nd period - Tomas Hertl wins face-off versus Jason Robertson in SEATTLE Kraken zone.
Goals for this period are 1 for SEATTLE Kraken vs 0 for DALLAS Stars .
Shots for this period are 8 for SEATTLE Kraken vs 13 for DALLAS Stars .

3rd period


0:01 of 3rd period - Dylan Cozens wins face-off versus Auston Matthews in neutral zone.
0:31 of 3rd period - Tyler Bertuzzi is hit by Alec Martinez and loses puck.
0:55 of 3rd period - David Pastrnak is hit by William Karlsson and loses puck.
1:02 of 3rd period - William Karlsson is hit by David Pastrnak and loses puck.
2:20 of 3rd period - Ondrej Kase is hit by Sean Monahan and loses puck.
2:39 of 3rd period - Shot by Morgan Frost.
2:39 of 3rd period - Deflect By Peyton Krebs.
2:39 of 3rd period - Shot Blocked by Kris Letang.
2:41 of 3rd period - Shot by Rem Pitlick.
2:41 of 3rd period - Shot Misses the Net.
2:43 of 3rd period - Shot by Peyton Krebs.
2:43 of 3rd period - Goal by Peyton Krebs - SEATTLE Kraken : 1 - DALLAS Stars : 5.
2:44 of 3rd period - Joe Pavelski wins face-off versus Dylan Cozens in neutral zone.
2:53 of 3rd period - Alex Ovechkin is hit by Mikhail Sergachev and loses puck.
3:10 of 3rd period - Shot by Alex Ovechkin.
3:10 of 3rd period - Stopped by Cam Talbot without a rebound.
3:11 of 3rd period - William Karlsson wins face-off versus Auston Matthews in DALLAS Stars zone.
3:18 of 3rd period - Shot by David Pastrnak.
3:18 of 3rd period - Shot Misses the Net.
3:22 of 3rd period - Shot by Samuel Girard.
3:22 of 3rd period - Shot Blocked by John Carlson.
3:30 of 3rd period - Shot by David Pastrnak.
3:30 of 3rd period - Shot Misses the Net.
3:32 of 3rd period - Shot by David Pastrnak.
3:32 of 3rd period - Shot Misses the Net.
4:02 of 3rd period - William Karlsson is hit by Auston Matthews and loses puck.
4:19 of 3rd period - Shot by Jonathan Drouin.
4:19 of 3rd period - Shot Misses the Net.
5:54 of 3rd period - Icing by Mikhail Sergachev.
5:55 of 3rd period - Dylan Cozens wins face-off versus Auston Matthews in DALLAS Stars zone.
6:12 of 3rd period - Shot by Jason Robertson.
6:12 of 3rd period - Deflect By David Pastrnak.
6:12 of 3rd period - Stopped by Cam Talbot without a rebound.
6:13 of 3rd period - Sean Monahan wins face-off versus Morgan Frost in DALLAS Stars zone.
6:28 of 3rd period - Shot by Artemi Panarin.
6:28 of 3rd period - Shot Misses the Net.
6:39 of 3rd period - Sean Monahan is hit by Neal Pionk and loses puck.
6:42 of 3rd period - Shot by Artemi Panarin.
6:42 of 3rd period - Shot Blocked by Morgan Frost.
7:14 of 3rd period - Icing by Reilly Smith.
7:15 of 3rd period - Tomas Hertl wins face-off versus Joe Pavelski in DALLAS Stars zone.
7:30 of 3rd period - Shot by Jonathan Drouin.
7:30 of 3rd period - Stopped by Cam Talbot without a rebound.
7:31 of 3rd period - Auston Matthews wins face-off versus William Karlsson in DALLAS Stars zone.
7:52 of 3rd period - Shot by Jason Robertson.
7:52 of 3rd period - Shot Misses the Net.
8:13 of 3rd period - Icing by Jason Robertson.
8:14 of 3rd period - Dylan Cozens wins face-off versus Auston Matthews in SEATTLE Kraken zone.
8:37 of 3rd period - Shot by Andrei Kuzmenko.
8:37 of 3rd period - Shot Misses the Net.
8:41 of 3rd period - Shot by Andrei Kuzmenko.
8:41 of 3rd period - Deflect By Artemi Panarin.
8:41 of 3rd period - Goal by Artemi Panarin - SEATTLE Kraken : 2 - DALLAS Stars : 5.
8:42 of 3rd period - Tomas Hertl wins face-off versus Joe Pavelski in neutral zone.
9:21 of 3rd period - Shot by Alex Ovechkin.
9:21 of 3rd period - Stopped by Cam Talbot without a rebound.
9:22 of 3rd period - Sean Monahan wins face-off versus Dylan Cozens in DALLAS Stars zone.
9:22 of 3rd period - Artemi Panarin is hit by Mikhail Sergachev and loses puck.
10:09 of 3rd period - Shot by Sebastien Aho.
10:09 of 3rd period - Stopped by Linus Ullmark with a rebound.
10:25 of 3rd period - Jamie Drysdale is hit by Tyson Jost.
10:40 of 3rd period - Icing by John Carlson.
10:41 of 3rd period - Auston Matthews wins face-off versus William Karlsson in DALLAS Stars zone.
10:59 of 3rd period - Icing by Kris Letang.
11:00 of 3rd period - Auston Matthews wins face-off versus Tomas Hertl in SEATTLE Kraken zone.
11:00 of 3rd period - Auston Matthews is hit by Reilly Smith.
11:22 of 3rd period - Shot by Auston Matthews.
11:22 of 3rd period - Shot Misses the Net.
11:24 of 3rd period - Shot by Kris Letang.
11:24 of 3rd period - Goal by Kris Letang - SEATTLE Kraken : 3 - DALLAS Stars : 5.
11:25 of 3rd period - Joe Pavelski wins face-off versus Dylan Cozens in neutral zone.
11:47 of 3rd period - Shot by Dylan Cozens.
11:47 of 3rd period - Stopped by Linus Ullmark without a rebound.
11:48 of 3rd period - Wyatt Johnston wins face-off versus Tomas Hertl in SEATTLE Kraken zone.
12:18 of 3rd period - Icing by Reilly Smith.
12:19 of 3rd period - Auston Matthews wins face-off versus Tomas Hertl in DALLAS Stars zone.
12:22 of 3rd period - Shot by David Pastrnak.
12:22 of 3rd period - Shot Hit the Post.
12:24 of 3rd period - Shot by Auston Matthews.
12:24 of 3rd period - Shot Misses the Net.
12:48 of 3rd period - Shot by Jason Robertson.
12:48 of 3rd period - Deflect By Auston Matthews.
12:48 of 3rd period - Stopped by Cam Talbot with a rebound.
12:50 of 3rd period - Shot by Auston Matthews.
12:50 of 3rd period - Shot Blocked by Darnell Nurse.
12:52 of 3rd period - Shot by Samuel Girard.
12:52 of 3rd period - Shot Misses the Net.
12:54 of 3rd period - Shot by Auston Matthews.
12:54 of 3rd period - Shot Hit the Post.
12:56 of 3rd period - Shot by Auston Matthews.
12:56 of 3rd period - Stopped by Cam Talbot with a rebound.
13:42 of 3rd period - Tyler Bertuzzi is hit by Artemi Panarin and loses puck.
13:55 of 3rd period - Shot by Artemi Panarin.
13:55 of 3rd period - Shot Misses the Net.
13:57 of 3rd period - Shot by Rasmus Dahlin.
13:57 of 3rd period - Shot Misses the Net.
14:08 of 3rd period - Icing by Mikhail Sergachev.
14:09 of 3rd period - Dylan Cozens wins face-off versus Joe Pavelski in DALLAS Stars zone.
14:09 of 3rd period - Sebastien Aho is hit by Alex Ovechkin and loses puck.
14:15 of 3rd period - Icing by Mikhail Sergachev.
14:16 of 3rd period - Joe Pavelski wins face-off versus Dylan Cozens in DALLAS Stars zone.
14:45 of 3rd period - Shot by Joe Pavelski.
14:45 of 3rd period - Stopped by Cam Talbot without a rebound.
14:46 of 3rd period - Tomas Hertl wins face-off versus Auston Matthews in DALLAS Stars zone.
14:59 of 3rd period - Jason Robertson is hit by Ondrej Kase and loses puck.
15:12 of 3rd period - Darnell Nurse is hit by David Pastrnak and loses puck.
15:40 of 3rd period - Icing by Tomas Hertl.
15:41 of 3rd period - Tomas Hertl wins face-off versus Sean Monahan in DALLAS Stars zone.
16:02 of 3rd period - Shot by Sean Monahan.
16:02 of 3rd period - Shot Misses the Net.
16:04 of 3rd period - Shot by Artemi Panarin.
16:04 of 3rd period - Shot Misses the Net.
16:10 of 3rd period - Shot by Andrei Kuzmenko.
16:10 of 3rd period - Stopped by Cam Talbot without a rebound.
16:11 of 3rd period - Joe Pavelski wins face-off versus Dylan Cozens in DALLAS Stars zone.
16:14 of 3rd period - Shot by Alex Ovechkin.
16:14 of 3rd period - Deflect By Jonathan Drouin.
16:14 of 3rd period - Stopped by Cam Talbot with a rebound.
16:19 of 3rd period - Icing by Damon Severson.
16:20 of 3rd period - Dylan Cozens wins face-off versus David Pastrnak in DALLAS Stars zone.
16:41 of 3rd period - Shot by Tyler Bertuzzi.
16:41 of 3rd period - Shot Blocked by Samuel Girard.
16:43 of 3rd period - Shot by Sebastien Aho.
16:43 of 3rd period - Shot Misses the Net.
18:11 of 3rd period - Off-side.
18:12 of 3rd period - Morgan Frost wins face-off versus Joe Pavelski in neutral zone.
18:34 of 3rd period - Shot by Alex Ovechkin.
18:34 of 3rd period - Deflect By Joe Pavelski.
18:34 of 3rd period - Shot Misses the Net.
18:53 of 3rd period - Morgan Frost is hit by Alex Ovechkin and loses puck.
19:25 of 3rd period - Shot by Kris Letang.
19:25 of 3rd period - Stopped by Cam Talbot without a rebound.
19:26 of 3rd period - Auston Matthews wins face-off versus Dylan Cozens in DALLAS Stars zone.
19:32 of 3rd period - Minor Penalty to Auston Matthews for Tripping.
19:33 of 3rd period - Joe Pavelski wins face-off versus Dylan Cozens in SEATTLE Kraken zone.
19:33 of 3rd period - Joe Pavelski is hit by Tyler Bertuzzi.
19:44 of 3rd period - Icing by Dylan Cozens.
19:45 of 3rd period - Joe Pavelski wins face-off versus Dylan Cozens in DALLAS Stars zone.
Goals for this period are 2 for SEATTLE Kraken vs 1 for DALLAS Stars .
Shots for this period are 12 for SEATTLE Kraken vs 3 for DALLAS Stars .